 Dungeon Crawl Stone Soup version 0.29-a0-920-g5d2155ec51 (webtiles) character file.

Game seed: 2520125727985497143

59 DungeonMaster the Magician (level 3, -1/24 HPs)
             Began as a Demonspawn Hedge Wizard on July 27, 2022.
             Slain by a goblin
             ... wielding a +0 club
             ... led by Robin
              (3 damage)
             ... on level 2 of the Dungeon.
             The game lasted 00:03:45 (2493 turns).

DungeonMaster the Magician (DsHW)                   Turns: 2493, Time: 00:03:46

Health: -1/24      AC:  3    Str: 10    XL:     3   Next: 78%
Magic:  6/8        EV: 12    Int: 17    God:
Gold:   40         SH:  4    Dex: 12    Spells: 8/9 levels left

rFire   . . .      SeeInvis .   g - +0 falchion
rCold   . . .      Faith    .   (no shield)
rNeg    . . .      Spirit   .   b - +0 robe
rPois   +          Reflect  .   c - +0 hat
rElec   .          Harm     .   (no cloak)
rCorr   .          Rampage  .   n - +0 pair of gloves
Will    .....                   (no boots)
Stlth   ++........              o - amulet of the acrobat
HPRegen 0.08/turn               l - ring of poison resistance
MPRegen 0.11/turn               (no ring)

@: no status effects
A: condensation shield
a: no special abilities


You were on level 2 of the Dungeon.
You visited 1 branch of the dungeon, and saw 3 of its levels.

You collected 40 gold pieces.

Inventory:

Hand Weapons
 a - a +0 dagger
 g - a +0 falchion (weapon)
 i - a +0 mace
Missiles
 e - 31 stones
 j - 6 poisoned darts (quivered)
Armour
 b - a +0 robe (worn)
 c - a +0 hat (worn)
 n - a +0 pair of gloves (worn)
Jewellery
 l - a ring of poison resistance (left hand)
 o - an amulet of the acrobat (around neck)
Scrolls
 m - a scroll of teleportation
Potions
 d - a potion of magic
 f - a potion of brilliance
 h - a potion of attraction {unknown}
 k - a potion of invisibility {unknown}


   Skills:
 - Level 1.7 Dodging
 - Level 1.7 Stealth
 * Level 3.8 Spellcasting
 * Level 2.6 Conjurations
 - Level 1.0 Summonings
 - Level 0.8 Translocations


You had 8 spell levels left.
You knew the following spells:

 Your Spells              Type           Power      Damage    Failure   Level
a - Magic Dart            Conj           48%        1d5       5%          1

Your spell library contained the following spells:

 Spells                   Type           Power      Damage    Failure   Level
 Slow                     Hex            12%        N/A       16%         1
 Call Imp                 Summ           6%         N/A       16%         2
 Blink                    Tloc           12%        N/A       17%         2
 Sublimation of Blood     Necr           3%         N/A       24%         2
 Wereblood                Tmut           3%         N/A       24%         2
 Conjure Flame            Conj/Fire      7%         6-21      28%         3
 Mephitic Cloud           Conj/Pois/Air  6%         N/A       32%         3
 Summon Hydra             Summ           3%         N/A       100%        7


Dungeon Overview and Level Annotations

Branches:
Dungeon (3/15)

Altars:
Hepliaklqana

Annotations:
D:2 Robin


Innate Abilities, Weirdness & Mutations

A meltable shield of frost defends you. (SH +4)


Message History

Press: ? - help, Q - select action, (/) - cycle Shift-Dir - straight line, f/p - Robin
Aim: Robin, wielding a +0 mace, wearing a +0 animal skin and wearing a +0 helmet (lightly wounded, 100% to hit)
Okay, then.
Throw: 8 darts (poison)
Press: ? - help, Q - select action, (/) - cycle Shift-Dir - straight line, f/p - Robin
Aim: Robin, wielding a +0 mace, wearing a +0 animal skin and wearing a +0 helmet (lightly wounded, 64% to hit)
You throw a poisoned dart. The poisoned dart hits Robin.
Robin is poisoned.
Robin is lightly wounded.
The goblin misses you.
Throw: 7 darts (poison)
Press: ? - help, Q - select action, (/) - cycle Shift-Dir - straight line, f/p - Robin
Aim: Robin, wielding a +0 mace, wearing a +0 animal skin and wearing a +0 helmet (lightly wounded, poisoned, 64% to hit)
You throw a poisoned dart. The poisoned dart hits Robin.
Robin looks even sicker.
Robin is lightly wounded.
Robin throws the goblin at you! The goblin misses you.
You closely miss the goblin.
The goblin shouts!
The goblin hits you with a +2 dagger of protection.
Robin roars a battlecry!
The goblin goes into a battle-frenzy!
The goblin hits you with a +0 club.
The goblin hits you with a +2 dagger of protection.
The goblin completely misses you. The goblin attacks as you move away!
The goblin hits you but does no damage. Robin attacks as you move away!
You block Robin's attack. The goblin hits you but does no damage.
Robin throws the goblin at you!
You hit the goblin.
The goblin is heavily wounded.
The goblin hits you with a +2 dagger of protection.
* * * LOW HITPOINT WARNING * * *
Robin throws the goblin at you!
* * * LOW HITPOINT WARNING * * *
The goblin hits you with a +0 club.
* * * LOW HITPOINT WARNING * * *
Okay, then.
It was a potion of cancellation.
You feel magically purged.
The goblin no longer looks unusually strong.
You block the goblin's attack. The goblin hits you with a +0 club.
You die...

#.........######..#..
###........#######..#..
.......................
###......###)...........
#####....# #g(g.....#...
.###.....# #..($....#...
.......### #.÷gg.# .....
#.........##...g.##.#...
##....#.#.#....#@#......
...............#gg.....# #
.....####........#.....#.##
...............#....#..#?..
....g.............#.#....#
...<..........#..##......#
...g.....................#
###.g..##................#
#g#g###......#.##....[.#


You could see Robin (poisoned), a hobgoblin (strong) and 5 goblins.

Vanquished Creatures
  An adder (D:3)
  2 worms (D:2)
  4 dart slugs
  7 ball pythons
  3 endoplasms
  A giant cockroach (D:1)
  6 goblins
  2 hobgoblins (D:2)
  3 kobolds
  A quokka (D:1)
  A bat (D:1)
  6 rats
37 creatures vanquished.

Notes
Turn   | Place    | Note
-------+----------+-------------------------------------------
     0 | D:1      | DungeonMaster the Demonspawn Hedge Wizard began the quest
                  | for the Orb.
     0 | D:1      | Reached XP level 1. HP: 13/13 MP: 4/4
   508 | D:1      | Gained mutation: A meltable shield of frost defends you.
                  | (SH +4) [demonic ancestry]
   508 | D:1      | Reached XP level 2. HP: 19/19 MP: 1/6
  1238 | D:2      | Found a hazy altar of Hepliaklqana.
  1327 | D:2      | Reached XP level 3. HP: 24/24 MP: 1/8
  1502 | D:2      | Noticed Robin
  1793 | D:2      | You fall into a shaft and drop 1 floor!
  2493 | D:2      | Slain by a goblin

Illustrated notes

Levels and vault maps discovered:
D:1:      dpeg_arrival_prison, layout_basic
D:2:      layout_rooms, basic_altar, uniq_robin, uniq_sigmund
D:3:      layout_loops_cross, minmay_misc_feat_room

Skill      XL: |  1  2 |
---------------+-------+-----
Conjurations   | 2 |  2.6
Dodging        | |  1.7
Stealth        | |  1.7
Spellcasting   | |  3.8
Summonings     | |  1.0
Translocations | |  0.8

Action                   || total
-------------------------++-------
Melee: Dagger            ||    12
       Falchion          ||    13
Throw: Dart              ||     2
 Cast: Magic Dart        ||    99
  Use: Scroll            ||     5
       Potion            ||     1
Armor: Robe              ||     6
Dodge: Dodged            ||    31
Block: Other             ||     4

Table legend: (Time is in decaauts)
 A = Elapsed time spent in this place.
 B = Non-inter-level travel time spent in this place.
 C = Inter-level travel time spent in this place.
 D = Time resting spent in this place.
 E = Time spent auto-exploring this place.
 F = Levels seen in this place.
 G = Mean time per level.
                   A        B        C        D        E       F      G
               +--------+--------+--------+--------+--------+-----+--------+
         Total |   2495 |   2442 |     53 |    923 |   1181 |   3 |  831.7 |
       Dungeon |   2495 |   2442 |     53 |    923 |   1181 |   3 |  831.7 |
               +--------+--------+--------+--------+--------+-----+--------+

Top non-repeatable levels by time:
     D:1: 1477 daAuts
     D:3: 649 daAuts
     D:2: 368 daAuts
